 Dungeon Crawl Stone Soup version 0.21.1-1-g345015f (webtiles) character file.

105 Lilu the Conjurer (level 4, -5/24 HPs)
             Began as a Deep Elf Conjurer on July 24, 2018.
             Slain by Natasha (7 damage)
             ... on level 2 of the Dungeon.
             The game lasted 00:11:41 (2026 turns).

Lilu the Conjurer (Deep Elf Conjurer)               Turns: 2026, Time: 00:11:41

Health: -5/24      AC:  4    Str:  6    XL:     4   Next: 54%
Magic:  10/10      EV: 13    Int: 20    God:
Gold:   92         SH:  0    Dex: 15    Spells: 2/9 levels left

rFire    . . .     SeeInvis .   l - +1 whip (elec)
rCold    . . .     Gourm    .   (no shield)
rNeg     . . .     Faith    .   a - +0 robe
rPois    .         Spirit   .   (no helmet)
rElec    .         Reflect  .   k - +0 cloak
rCorr    .         Harm     .   i - +0 pair of gloves
MR       .....                  (no boots)
Stlth    +.........             (no amulet)
HPRegen  0.08/turn              p - ring of loudness
MPRegen  0.12/turn              (no ring)

@: slowed, very slow
A: no striking features
a: no special abilities


You were on level 2 of the Dungeon.
You were not hungry.

You visited 1 branch of the dungeon, and saw 2 of its levels.

You collected 92 gold pieces.

Inventory:

Hand Weapons
 l - a +1 whip of electrocution (weapon)
Armour
 a - a +0 robe (worn)
 i - a +0 pair of gloves (worn)
 k - a +0 cloak (worn)
Jewellery
 p - a ring of loudness (left hand)
Scrolls
 e - a scroll of enchant armour {unknown}
 h - a scroll of remove curse
 j - a scroll of teleportation {unknown}
 o - 2 scrolls of identify {unknown}
Potions
 d - a potion of haste {unknown}
 f - a potion of might {unknown}
 g - a potion of mutation {unknown}
 m - a potion of invisibility {unknown}
 n - a potion of cancellation {unknown}
 r - a potion of flight {unknown}
Books
 b - a book of Conjurations

   Spells                             Type                      Level
   a - Magic Dart                     Conjuration                  1
   b - Searing Ray                    Conjuration                  2
   c - Dazzling Spray                 Conjuration/Hexes            3
   d - Fulminant Prism                Conjuration/Hexes            4
   e - Force Lance                    Conjuration/Translocation    4
   f - Iskenderun's Mystic Blast      Conjuration                  4
Comestibles
 c - a ration
 q - 8 chunks of flesh


   Skills:
 - Level 2.4 Dodging
 - Level 2.4 Stealth
 - Level 3.0 Spellcasting
 + Level 6.6 Conjurations


You had 2 spell levels left.
You knew the following spells:

 Your Spells              Type           Power        Failure   Level  Hunger
a - Magic Dart            Conj           ####         1%          1    None
b - Searing Ray           Conj           ####..       1%          2    ##.....
c - Iskenderun's Mystic   Conj           ####....     9%          4    ####...


Dungeon Overview and Level Annotations

Branches:
Dungeon (2/15)

Altars:
Ashenzari

Annotations:
D:2 Natasha, Sigmund


Message History

There is a stone staircase leading up here.
You see here a stone.
Natasha, Servant of Life and Death comes into view.
Natasha hisses angrily.
Natasha mumbles some strange words.
You feel disoriented.
Natasha stares at you and mumbles some strange words.
You feel yourself slow down. Natasha casts a spell at you.
You feel as though you will be slow longer.
Natasha claws you! Natasha barely misses you.
You miss Natasha. Natasha claws you. Natasha claws you but does no damage.
Natasha claws you!
* * * LOW HITPOINT WARNING * * *
Okay, then.
As you read the scroll labeled WOSI DYLAOCLAE, it crumbles to dust.
You feel as if something is helping you.
It was a scroll of remove curse.
Natasha claws you!
You die...

#.....................(....
#..........................
#######....................
#...................#
#.........###..#.####
#.........# #..#.###.
#.........###.(..##..
#...........#....#...
#...@h....#....(.....
#...............#..##
#....................
#...................#
#.#...........(......
#.#####......##.<).## #.##
##......#..##..# #..#
#...##.....###.# ##.#
##.#.......# #..


You could see Natasha.

Vanquished Creatures
  Terence (D:2)
  A gnoll (D:1)
  2 adders (D:2)
  2 oozes (D:2)
  A worm (D:2)
  A dart slug (D:1)
  7 bats
  2 giant cockroaches
  6 hobgoblins
  A ball python (D:1)
  4 frilled lizards (D:1)
  3 goblins (D:1)
  7 kobolds
  4 rats
42 creatures vanquished.

Notes
Turn   | Place    | Note
-------+----------+-------------------------------------------
     0 | D:1      | Lilu the Deep Elf Conjurer began the quest for the Orb.
     0 | D:1      | Reached XP level 1. HP: 10/10 MP: 6/6
   217 | D:1      | Reached skill level 5 in Conjurations
   217 | D:1      | Reached XP level 2. HP: 15/15 MP: 2/8
   411 | D:1      | Found a shattered altar of Ashenzari.
   842 | D:1      | Reached XP level 3. HP: 19/19 MP: 7/9
   846 | D:1      | Learned a level 2 spell: Searing Ray
  1128 | D:2      | Noticed Sigmund
  1432 | D:2      | Reached skill level 6 in Conjurations
  1605 | D:2      | Noticed Terence
  1669 | D:2      | Killed Terence
  1669 | D:2      | Reached XP level 4. HP: 24/24 MP: 4/10
  1680 | D:2      | Learned a level 4 spell: Iskenderun's Mystic Blast
  2019 | D:2      | Noticed Natasha
  2025 | D:2      | HP: 1/24 [Natasha (7)]
  2026 | D:2      | Slain by Natasha

Skill      XL: |  1  2  3 |
---------------+----------+-----
Conjurations   | 5 6 |  6.6
Dodging        | |  2.4
Stealth        | |  2.4
Spellcasting   | |  3.0

Action                   |  1- 3 |  4- 6 || total
-------------------------+-------+-------++-------
Melee: Club              |     3 |       ||     3
       Whip              |     1 |     5 ||     6
 Cast: Magic Dart        |    57 |     8 ||    65
       Searing Ray       |     4 |     1 ||     5
  Use: Scroll            |       |     1 ||     1
  Eat: Ration            |     1 |       ||     1
       Chunk             |     1 |       ||     1
Armor: Robe              |     1 |     2 ||     3
Dodge: Dodged            |     6 |     4 ||    10
